 Dungeon Crawl Stone Soup version 0.30-a0-1160-g6e42c06551 (webtiles) character file.

Game seed: 16909487140795160673

883 Maxmaps the Magician (level 7, -9/52 HPs)
             Began as a Demonspawn Conjurer on Apr 27, 2023.
             Mangled by lotum's ghost (12 damage)
             ... on level 4 of the Dungeon.
             The game lasted 00:08:33 (5514 turns).

Maxmaps the Magician (Demonspawn Conjurer)          Turns: 5514, Time: 00:08:35

Health: -9/52      AC:  7    Str:  5 (7)  XL:     7   Next: 76%
Magic:  17/17      EV: 14    Int: 22 (23) God:
Gold:   183        SH:  0    Dex:  9 (12) Spells: 17/20 levels left

rFire   . . .        f - +0 dagger
rCold   . . .        (no shield)
rNeg    . . .        o - +1 ring mail {Will+}
rPois   .            (no helmet)
rElec   .            d - +0 cloak
rCorr   .            (gloves unavailable)
SInv    .            (no boots)
Will    +....        (no amulet)
Stlth   +            (no ring)
HPRegen 0.28/turn    (no ring)
MPRegen 0.15/turn

%: no passive effects
@: mighty, brilliant, agile, attractive, studying Stealth
A: powered by pain 1, big brain 1, demonic touch 3
a: no special abilities


You were on level 4 of the Dungeon.
You visited 1 branch of the dungeon, and saw 4 of its levels.

You collected 183 gold pieces.

Inventory:

Hand Weapons
 f - a +0 dagger (weapon)
Armour
 a - a +0 robe
 d - a +0 cloak (worn)
 o - a +1 ring mail of willpower (worn)
Jewellery
 s - an amulet of magic regeneration
Scrolls
 c - 3 scrolls of magic mapping {unknown}
 e - 3 scrolls of identify {unknown}
 h - a scroll of enchant weapon {unknown}
 i - a scroll of blinking {unknown}
 k - 2 scrolls of amnesia {unknown}
 r - a scroll of fog {unknown}
Potions
 b - a potion of magic
 g - 2 potions of cancellation
 n - a potion of degeneration
 p - 2 potions of brilliance
 q - 2 potions of resistance {unknown}


   Skills:
 - Level 3.0 Fighting
 - Level 3.0 Armour
 - Level 1.7 Dodging
 - Level 1.7 Stealth
 - Level 7.0 Spellcasting
 - Level 4.1 Conjurations


You had 17 spell levels left.
You knew the following spells:

 Your Spells              Type           Power      Damage    Failure   Level
a - Magic Dart            Conj           100%       1d8       7%          1
b - Searing Ray           Conj           76%        2d7       10%         2

Your spell library contained the following spells:

 Spells                   Type           Power      Damage    Failure   Level
 Necrotise                Necr           44%        1d6       34%         1
 Dazzling Flash           Conj/Hex       50%        N/A       43%         3
 Ensorcelled Hibernation  Hex/Ice        22%        N/A       47%         2
 Passwall                 Tmut/Erth      9%         N/A       47%         2
 Inner Flame              Hex/Fire       11%        N/A       71%         3
 Swiftness                Air            11%        N/A       71%         3
 Vampiric Draining        Necr           11%        2d6       71%         3
 Fulminant Prism          Conj/Hex       12%        3d8       83%         4
 Iskenderun's Mystic Bla  Conj/Tloc      25%        2d7       83%         4
 Agony                    Necr           11%        N/A       100%        5
 Yara's Violent Unravell  Hex/Tmut       5%         3d4       100%        5
 Enfeeble                 Hex            5%         N/A       100%        7


Dungeon Overview and Level Annotations

Branches:
Dungeon (4/15)
 Temple: D:4-7

Altars:

Shops:
D:2 !

Annotations:
D:4 lotum's ghost, novice FoFi


Innate Abilities, Weirdness & Mutations

You sometimes gain a little power by taking damage.
You have an unusually large brain. (Int +2)
Your touch may irresistibly damage your foes and sap their willpower.


Message History

You hit lotum's ghost but do no damage.
Lotum's ghost is moderately damaged.
Lotum's ghost hits you!
* * * LOW HITPOINT WARNING * * *
You feel better. Lotum's ghost closely misses you.
You closely miss lotum's ghost.
Lotum's ghost is moderately damaged.
Lotum's ghost hits you but does no damage.
You puncture lotum's ghost!
Lotum's ghost is heavily damaged.
Lotum's ghost hits you.
* * * LOW HITPOINT WARNING * * *
Okay, then.
You closely miss lotum's ghost.
Lotum's ghost is heavily damaged.
Lotum's ghost hits you.
* * * LOW HITPOINT WARNING * * *
You hit lotum's ghost. Your touch misses lotum's ghost.
Lotum's ghost is heavily damaged.
Lotum's ghost barely misses you.
You hit lotum's ghost.
Lotum's ghost is heavily damaged.
Lotum's ghost hits you but does no damage.
You hit lotum's ghost.
You touch lotum's ghost!
You sap its willpower!
Lotum's ghost is almost destroyed.
Lotum's ghost hits you!
* * * LOW HITPOINT WARNING * * *
You closely miss lotum's ghost.
Lotum's ghost is almost destroyed.
Lotum's ghost hits you but does no damage.
You barely miss lotum's ghost.
Lotum's ghost is almost destroyed.
Lotum's ghost closely misses you.
You closely miss lotum's ghost.
Lotum's ghost is almost destroyed.
Lotum's ghost closely misses you.
You closely miss lotum's ghost.
Lotum's ghost is almost destroyed.
Lotum's ghost hits you!
You die...

.## ##.### #.......#
..###..# #.......#
...##..### ##.....##
.#..##...####.....##
.#..####...##......# ###
.#..# ###.........## ###
##.. ...##
#######....####.## ##...
...# #.(...#.....##...#
#.... ...##
###?~~~~W@........####....
....####.#.....#..##....##
#..)..
###..#..#############...#
##..... # ##...## ##....##
##..# #...... #...#
##......# #..# #......
##...####.......# ##..#
#...... #.....##.......##
#...# #......
###.##.........###
##...###......
#.)#####.......#
##.....###.....


You could see lotum's ghost (weak-willed).

Vanquished Creatures
  Grinder (D:3)
  Sigmund (D:3)
  A phantom (D:4)
  A bullfrog (D:4)
  A scorpion (D:3)
  A hound (D:4)
  2 orc priests
  An iguana (D:4)
  Terence (D:3)
  7 gnolls
  An adder (D:3)
  2 dart slugs
  20 orcs
  5 ball pythons
  5 endoplasms
  3 giant cockroaches
  3 hobgoblins
  7 jackals (D:1)
  3 quokkas
  4 bats
  3 frilled lizards
  6 goblins
  14 kobolds
  8 rats
101 creatures vanquished.

Notes
Turn   | Place    | Note
-------+----------+-------------------------------------------
     0 | D:1      | Maxmaps the Demonspawn Conjurer began the quest for the
                  | Orb.
     0 | D:1      | Reached XP level 1. HP: 13/13 MP: 3/3
   267 | D:1      | Gained mutation: Your touch may inflict minor irresistible
                  | damage on your foes. [demonic ancestry]
   267 | D:1      | Reached XP level 2. HP: 15/19 MP: 0/5
   528 | D:1      | Reached skill level 3 in Spellcasting
   867 | D:1      | Gained mutation: You have an unusually large brain. (Int
                  | +2) [demonic ancestry]
   867 | D:1      | Reached XP level 3. HP: 24/24 MP: 1/7
   877 | D:1      | Learned a level 2 spell: Searing Ray
  1490 | D:2      | Found Rucyuhiw's Distillery.
  1710 | D:2      | Reached skill level 4 in Spellcasting
  1710 | D:2      | Gained mutation: Your touch may inflict irresistible damage
                  | on your foes. [demonic ancestry]
  1710 | D:2      | Reached XP level 4. HP: 22/30 MP: 2/10
  2450 | D:3      | Noticed Sigmund
  2460 | D:3      | Killed Sigmund
  2461 | D:3      | Reached skill level 5 in Spellcasting
  2461 | D:3      | Reached XP level 5. HP: 35/35 MP: 0/13
  2574 | D:3      | Noticed Terence
  2581 | D:3      | Killed Terence
  2582 | D:3      | Gained mutation: You sometimes gain a little power by
                  | taking damage. [demonic ancestry]
  2582 | D:3      | Reached XP level 6. HP: 41/41 MP: 7/14
  2792 | D:3      | Noticed Grinder
  2807 | D:3      | Killed Grinder
  2808 | D:3      | Reached skill level 6 in Spellcasting
  3414 | D:3      | Reached skill level 7 in Spellcasting
  3614 | D:3      | Gained mutation: Your touch may irresistibly damage your
                  | foes and sap their willpower. [demonic ancestry]
  3614 | D:3      | Reached XP level 7. HP: 33/46 MP: 8/17
  3675 | D:3      | Reached skill level 1 in Armour
  4238 | D:3      | Reached skill level 1 in Fighting
  4245 | D:3      | HP: 2/48 [poisoned by a scorpion]
  4730 | D:4      | Identified the +5 short sword "Nottiq" {freeze, Will+
                  | Dex+3}
  4785 | D:4      | Found a runed translucent door.
  4898 | D:4      | Noticed lotum's ghost (novice FoFi)
  5510 | D:4      | HP: 2/52 [lotum's ghost (10)]
  5514 | D:4      | Mangled by lotum's ghost

Illustrated notes

Levels and vault maps discovered:
D:1:      dpeg_arrival_three_smaller_balls, layout_basic, minmay_quantized
D:2:      layout_loops_ring, serial_shops, shop, st_stairs_14
D:3:      layout_loops_ring, wad_orctagon, uniq_grinder, uniq_terence,
          uniq_sigmund
D:4:      layout_layer_cave, ebering_ghost_reflecting_pool, st_stairs_1,
          minmay_manual_macuahuitl

Skill      XL: |  1  2  3  4  5  6  7 |
---------------+----------------------+-----
Spellcasting   | 3 4 5 7 |  7.0
Armour         | 3 |  3.0
Fighting       | 3 |  3.0
Dodging        | |  1.7
Stealth        | |  1.7
Conjurations   | |  4.1

Action                     |  1- 3 |  4- 6 |  7- 9 || total
---------------------------+-------+-------+-------++-------
  Melee: Unarmed           |    11 |       |       ||    11
         Touch             |     3 |       |    18 ||    21
         Dagger            |     7 |       |    82 ||    89
         Punch             |       |       |     2 ||     2
   Cast: Magic Dart        |    61 |    66 |    33 ||   160
         Searing Ray       |     3 |     5 |     3 ||    11
    Use: Potion            |       |       |     7 ||     7
 Armour: Robe              |    10 |       |       ||    10
         Ring mail         |       |     5 |    35 ||    40
  Dodge: Dodged            |    26 |    10 |    63 ||    99

Table legend: (Time is in decaauts)
 A = Elapsed time spent in this place.
 B = Non-inter-level travel time spent in this place.
 C = Inter-level travel time spent in this place.
 D = Time resting spent in this place.
 E = Time spent auto-exploring this place.
 F = Levels seen in this place.
 G = Mean time per level.
                   A        B        C        D        E       F      G
               +--------+--------+--------+--------+--------+-----+--------+
         Total |   5516 |   5385 |    131 |    787 |   3922 |   4 | 1379.0 |
       Dungeon |   5516 |   5385 |    131 |    787 |   3922 |   4 | 1379.0 |
               +--------+--------+--------+--------+--------+-----+--------+

Top non-repeatable levels by time:
     D:3: 1623 daAuts
     D:4: 1503 daAuts
     D:1: 1420 daAuts
     D:2: 968 daAuts
